 Dungeon Crawl Stone Soup version 0.24.1-14-gf8d2b509d9 (webtiles) character file.

Game seed: 16266397305071325816, levelgen mode: deterministic

145 Curus the Slasher (level 5, -2/45 HPs)
             Began as a Minotaur Abyssal Knight on May 24, 2020.
             Was a Believer of Lugonu.
             Slain by Natasha (13 damage)
             ... on level 2 of the Dungeon.
             The game lasted 00:08:07 (1850 turns).

Curus the Slasher (Minotaur Abyssal Knight)         Turns: 1850, Time: 00:08:08

Health: -2/45      AC:  3    Str: 17    XL:     5   Next: 6%
Magic:  6/6        EV: 11    Int:  9    God:    Lugonu [**....]
Gold:   54         SH:  0    Dex: 10    Spells: 4/4 levels left

rFire    . . .     SeeInvis .   a - +1 falchion
rCold    . . .     Gourm    .   (no shield)
rNeg     . . .     Faith    .   b - +0 leather armour
rPois    .         Spirit   .   (helmet restricted)
rElec    .         Reflect  .   (no cloak)
rCorr    .         Harm     .   (no gloves)
MR       .....                  (no boots)
Stlth    +.........             (no amulet)
HPRegen  0.15/turn              (no ring)
MPRegen  0.10/turn              (no ring)

@: no status effects
A: retaliatory headbutt, horns 2
a: Depart the Abyss, Bend Space, Renounce Religion


You were on level 2 of the Dungeon.
You worshipped Lugonu.
Lugonu was pleased with you.
You were not hungry.

You visited 1 branch of the dungeon, and saw 2 of its levels.
You visited the Abyss 1 time.

You collected 54 gold pieces.

Inventory:

Hand Weapons
 a - a +1 falchion (weapon)
Armour
 b - a +0 leather armour (worn)
Potions
 e - a potion of ambrosia
Comestibles
 c - 3 rations


   Skills:
 - Level 3.6 Fighting
 + Level 4.8 Long Blades
 - Level 2.4 Armour
 - Level 1.1 Dodging
 + Level 3.9 Invocations


You had 4 spell levels left.
You didn't know any spells.
Your spell library was empty.

Dungeon Overview and Level Annotations

Branches:
Dungeon (2/15)

Altars:
The Shining One

Annotations:
D:2 Natasha


Innate Abilities, Weirdness & Mutations

You reflexively headbutt those who attack you in melee.
You have a pair of horns on your head.


Message History

You slash the goblin!
You kill the goblin!
Lugonu accepts your kill.
You start resting.
Natasha is too close now for your liking.
Things that are here:
a +0 dagger; 12 gold pieces You now have 54 gold pieces (gained 12).
Natasha stares at you and mumbles some strange words.
You resist with some effort.
You hit Natasha.
Natasha is lightly wounded.
Natasha claws you but does no damage.
You hit Natasha. You headbutt Natasha.
Natasha is moderately wounded.
Natasha drinks a potion.
Natasha seems to grow stronger.
You hit Natasha. You headbutt Natasha, but do no damage.
Natasha is heavily wounded.
Natasha claws you!
You die...

############# ..
.....$.....# #.#
#.........# ##..#
#.........##...###
#.........).......
#.......)...######
#..).)..@..##
#...††...h##
#.).<..<).#
....####.###.#
###. #.# .... ## #
... ....# ..#
......#.... ... ..
.... ##### #.#
....#


You could see Natasha.

Vanquished Creatures
  Natasha (D:2)
  Robin (D:1)
  4 gnolls
  2 adders (D:2)
  An ooze (D:1)
  A dart slug (D:2)
  A worm (D:2)
  A leopard gecko (D:1)
  A ball python (D:2)
  3 bats (D:1)
  11 goblins
  6 hobgoblins
  6 frilled lizards (D:1)
  7 kobolds (D:1)
46 creatures vanquished.

Notes
Turn   | Place    | Note
-------+----------+-------------------------------------------
     0 | Abyss:1  | Curus the Minotaur Abyssal Knight began the quest for the
                  | Orb.
     0 | Abyss:1  | Reached XP level 1. HP: 19/19 MP: 1/1
     4 | Abyss:1  | Found a corrupted altar of Lugonu.
    75 | Abyss:1  | Found a sacrificial altar of Ru.
    88 | Abyss:1  | Found a sacrificial altar of Ru.
   102 | Abyss:1  | Noticed a large abomination
   103 | D:1      | Escaped the Abyss
   200 | D:1      | Reached * piety under Lugonu
   476 | D:1      | Reached skill level 3 in Long Blades
   476 | D:1      | Reached XP level 2. HP: 24/26 MP: 2/2
   619 | D:1      | Found a glowing golden altar of the Shining One.
   678 | D:1      | Reached XP level 3. HP: 31/31 MP: 4/4
  1117 | D:2      | Noticed Robin
  1132 | D:2      | HP: 1/31 [gnoll (8)]
  1135 | D:1      | Killed Robin
  1135 | D:1      | Reached skill level 4 in Long Blades
  1457 | D:2      | Reached XP level 4. HP: 30/39 MP: 5/5
  1467 | D:2      | Noticed Natasha
  1480 | D:2      | Killed Natasha
  1494 | D:2      | Noticed Natasha
  1788 | D:2      | Reached ** piety under Lugonu
  1800 | D:2      | Reached XP level 5. HP: 5/45 MP: 6/6
  1850 | D:2      | Slain by Natasha

Levels and vault maps discovered:
D:1:      minmay_arrival_semitransparent, layout_basic, tso_altar
D:2:      layout_rooms, lemuel_crystal_altar, interstate_on_off,
          uniq_crazy_yiuf_cottage, uniq_robin, uniq_natasha

Skill      XL: |  1  2  3 |
---------------+----------+-----
Invocations    | 2 3 |  3.9
Long Blades    | 3 4 |  4.8
Fighting       | |  3.6
Armour         | |  2.4
Dodging        | |  1.1

Action                   |  1- 3 |  4- 6 || total
-------------------------+-------+-------++-------
Melee: Falchion          |    84 |    45 ||   129
       Headbutt          |     3 |    10 ||    13
Invok: Depart the Abyss  |     1 |       ||     1
  Use: Scroll            |     5 |       ||     5
       Potion            |     3 |       ||     3
  Eat: Chunk             |     1 |     2 ||     3
Armor: Leather armour    |    25 |     8 ||    33
Dodge: Dodged            |    65 |    20 ||    85
       Rpst.: Falchion   |    13 |     6 ||    19
